 Dungeon Crawl Stone Soup version 0.19.5 (webtiles) character file.

14777 ghjk the Severer (level 11, -4/99 HPs)
             Began as a Minotaur Fighter on Apr 22, 2017.
             Was a Believer of Okawaru.
             Slain by a troll (5 damage)
             ... on level 12 of the Dungeon.
             The game lasted 00:22:16 (13206 turns).

ghjk the Severer (Minotaur Fighter)                Turns: 13206, Time: 00:22:18

Health: -4/99      AC: 10    Str: 27    XL:     11   Next: 93%
Magic:  10/10      EV: 15    Int:  5    God:    Okawaru [**....]
Gold:   900        SH: 10    Dex: 11    Spells: 0 memorised, 10 levels left

rFire  . . .     SeeInvis .     a - +1 war axe
rCold  . . .     Gourm    .     o - +1 steam dragon scales
rNeg   . . .     Faith    .     c - +0 shield
rPois  .         Spirit   .     (helmet restricted)
rElec  .         Reflect  .     J - +0 cloak
rCorr  .         Harm     .     (no gloves)
MR     .....                    q - +0 pair of boots
Stlth  ++........               (no amulet)
                                h - +3 ring of evasion
                                k - +2 ring of strength

@: no status effects
A: retaliatory headbutt, horns 2, strong 1, wild magic 1
a: Heroism, Renounce Religion


You were on level 12 of the Dungeon.
You worshipped Okawaru.
Okawaru was pleased with you.
You were not hungry.

You visited 2 branches of the dungeon, and saw 13 of its levels.

You collected 900 gold pieces.

Inventory:

Hand Weapons
 a - a +1 war axe (weapon)
Armour
 b - a +0 scale mail
 c - a +0 shield (worn)
 o - +1 steam dragon scales (worn)
 q - a +0 pair of boots (worn)
 J - a +0 cloak (worn)
Jewellery
 h - a +3 ring of evasion (right hand)
 j - an uncursed ring of flight
 k - a +2 ring of strength (left hand)
 H - an uncursed ring of wizardry
Wands
 d - a wand of digging (13/24)
 g - a wand of flame (10/48)
 u - a wand of flame (32/48)
 y - a wand of confusion (18/48)
 B - a wand of random effects (13/48)
 E - a wand of lightning (7/15)
 F - a wand of lightning (11/15)
 M - a wand of lightning (15/15)
Scrolls
 e - 3 scrolls of amnesia
 m - 8 scrolls of remove curse
 s - 4 scrolls of enchant weapon
 A - a scroll of identify
 G - 2 scrolls of magic mapping
Potions
 i - 4 potions of ambrosia
 l - a potion of agility
 n - a potion of curing
 p - 3 potions of flight
 r - 2 potions of cure mutation
 t - 2 potions of magic
 w - 2 potions of heal wounds
 C - 2 potions of brilliance
 I - a potion of haste
 L - a potion of lignification
Books
 x - a book of Changes

   Spells                             Type                      Level
   a - Beastly Appendage              Transmutation                1
   b - Sticks to Snakes               Transmutation                2
   c - Spider Form                    Transmutation/Poison         3
   d - Ice Form                       Ice/Transmutation            4
   e - Blade Hands                    Transmutation                5
Comestibles
 f - 10 bread rations
 v - 2 beef jerkies


   Skills:
 + Level 10.1 Fighting
 * Level 17.1 Axes
 * Level 9.3 Armour
 + Level 4.3 Dodging
 + Level 1.4 Stealth
 + Level 5.5 Shields


You had 10 spell levels left.
You didn't know any spells.

Dungeon Overview and Level Annotations

Branches:
Dungeon (12/15)            Temple (1/1) D:4            Lair (0/6) D:8
    Orc: D:9-12

Altars:
Ashenzari
Cheibriados
Dithmenos
Elyvilon
Fedhas
Gozag
Hepliaklqana
Kikubaaqudgha
Makhleb
Nemelex Xobeh
Okawaru
Qazlal
Ru
Sif Muna
Trog
Uskayaw
Vehumet
Xom
Yredelemnul
Zin
The Shining One


Innate Abilities, Weirdness & Mutations

You reflexively headbutt those who attack you in melee.
You have a pair of horns on your head.
Your muscles are strong. (Str +2)
Your spells are a little harder to cast, but a little more powerful.


Message History

The troll shouts!
Your magical contamination has completely faded away.
The troll bites you!
* * * LOW HITPOINT WARNING * * *
You block the troll's attack. The troll claws you.
* * * LOW HITPOINT WARNING * * *
Unknown command.
Unknown command.
You feel better.
You block the troll's attack. x2; The troll misses you.
Unknown command.
You barely miss the troll.
An orc priest comes into view. It is wielding a dagger.
Unknown command.
The orc priest shouts!
You slash the troll! You headbutt the troll.
The troll is moderately wounded.
The troll bites you!
* * * LOW HITPOINT WARNING * * *
The troll misses you. The troll claws you.
You die...

#.........
#.....o...
#.........
######.........
>.......o......
...............
#######........
#.######. #@#
#T# #.# #.# #.#
#.# #.# #.#


You could see a troll, an orc priest and an orc.

Vanquished Creatures
  Erica (D:10)
  The ghost of Diode the Basher, a novice NaBe of Trog (D:9)
  Urug (D:11)
  Nergalle (D:10)
  An unseen horror (D:11)
  A hill giant (D:8)
  2 ugly things
  2 komodo dragons
  2 kobold demonologists
  A two-headed ogre (D:11)
  A hornet (D:11)
  A troll (D:9)
  Grinder (D:3)
  Prince Ribbit (D:6)
  5 hippogriffs
  Eustachio (D:6)
  A spriggan (D:7)
  3 yaks (D:11)
  A steam dragon (D:7)
  A hungry ghost (D:7)
  4 vampire mosquitoes (D:11)
  Menkaure (D:6)
  2 insubstantial wisps (D:7)
  Edmund (D:6)
  2 water moccasins
  An eye of draining (D:11)
  2 ice beasts
  A black bear (D:8)
  2 orc warriors
  5 sky beasts
  3 phantoms
  6 ogres
  5 centaurs
  2 crocodiles (D:11)
  2 big kobolds
  Blork the orc (D:6)
  7 bullfrogs
  3 scorpions
  10 killer bees
  3 wights (D:7)
  A howler monkey (D:9)
  8 electric eels (D:11)
  A bullfrog zombie (D:7)
  2 crimson imps
  A centaur zombie (D:8)
  A gnoll shaman (D:8)
  A quasit (D:10)
  5 jellies
  4 orc priests
  9 orc wizards
  A centaur skeleton (D:5)
  4 hounds
  Ijyb (D:2)
  4 iguanas
  6 worker ants
  The ghost of ghjk the Skirmisher, a weakling MiFi (D:3)
  3 hound zombies
  A hound skeleton (D:10)
  2 worker ant zombies
  14 adders
  12 gnolls
  2 shadow imps
  An ooze (D:1)
  A worm zombie (D:8)
  An adder zombie (D:5)
  2 adder skeletons
  A worm (D:4)
  5 dart slugs
  6 leopard geckos
  25 orcs
  4 giant cockroaches
  13 goblins
  7 hobgoblins
  13 jackals
  4 quokkas
  5 bats
  9 frilled lizards
  A jackal skeleton (D:5)
  A jackal zombie (D:8)
  15 kobolds
  A leopard gecko zombie (D:8)
  7 rats
298 creatures vanquished.

Vanquished Creatures (others)
  2 bushes (D:11)
  12 plants
14 creatures vanquished.

Grand Total: 312 creatures vanquished

Notes
Turn   | Place    | Note
-------+----------+-------------------------------------------
     0 | D:1      | ghjk the Minotaur Fighter began the quest for the Orb.
     0 | D:1      | Reached XP level 1. HP: 19/19 MP: 0/0
   190 | D:1      | Reached XP level 2. HP: 14/27 MP: 1/1
   272 | D:1      | Reached skill level 3 in Axes
   695 | D:1      | Reached XP level 3. HP: 33/33 MP: 2/2
   791 | D:2      | Noticed Ijyb
   807 | D:2      | Killed Ijyb
   807 | D:2      | Reached skill level 4 in Axes
   912 | D:2      | Reached XP level 4. HP: 41/41 MP: 3/3
  1553 | D:2      | Found a burning altar of Makhleb.
  1557 | D:2      | Reached skill level 5 in Axes
  1557 | D:2      | Reached XP level 5. HP: 47/47 MP: 4/4
  1657 | D:3      | Noticed ghjk's ghost (weakling MiFi)
  1668 | D:3      | Killed ghjk's ghost
  1806 | D:3      | Noticed Grinder
  1807 | D:3      | Paralysed by Grinder for 5 turns
  2125 | D:3      | Killed Grinder
  2125 | D:3      | Reached skill level 6 in Axes
  2125 | D:3      | Reached XP level 6. HP: 40/55 MP: 5/5
  2302 | D:3      | Reached skill level 5 in Fighting
  2524 | D:4      | Reached skill level 7 in Axes
  2678 | D:4      | Reached skill level 5 in Armour
  2678 | D:4      | Reached XP level 7. HP: 54/61 MP: 6/6
  2757 | D:4      | Found a staircase to the Ecumenical Temple.
  2831 | D:5      | Entered Level 5 of the Dungeon
  3124 | D:5      | Reached skill level 8 in Axes
  3609 | D:6      | Found an opulent altar of Gozag.
  3655 | D:6      | Noticed Prince Ribbit
  3819 | D:6      | Noticed Eustachio
  3829 | D:6      | Killed Eustachio
  3829 | D:6      | Reached skill level 9 in Axes
  3838 | D:6      | Reached XP level 8. HP: 23/69 MP: 7/7
  4052 | D:6      | Noticed Menkaure
  4061 | D:6      | Killed Menkaure
  4270 | D:6      | Reached skill level 10 in Axes
  4279 | D:6      | Killed Prince Ribbit
  5041 | D:6      | Noticed Blork the orc
  5047 | D:6      | Killed Blork the orc
  5047 | D:6      | Reached skill level 11 in Axes
  5082 | D:6      | Noticed Edmund
  5088 | D:6      | Killed Edmund
  5350 | D:6      | Reached XP level 9. HP: 75/75 MP: 8/8
  5440 | D:7      | Reached skill level 12 in Axes
  5905 | D:7      | Reached skill level 13 in Axes
  6556 | D:7      | Reached XP level 10. HP: 86/86 MP: 9/9
  6584 | D:7      | Noticed a purple ugly thing
  6606 | D:8      | Reached skill level 14 in Axes
  6827 | D:8      | Noticed a hill giant
  6854 | D:8      | Killed a hill giant
  7015 | D:8      | Lost intelligence.
  7351 | D:8      | Reached skill level 15 in Axes
  7611 | D:8      | Found a staircase to the Lair.
  8052 | D:9      | Noticed Diode's ghost (novice NaBe)
  8074 | D:9      | Killed Diode's ghost
  8074 | D:9      | Reached skill level 16 in Axes
  8705 | D:10     | Entered Level 10 of the Dungeon
  8758 | D:10     | Noticed Nergalle
  8775 | D:10     | Killed Nergalle
  8775 | D:10     | Reached XP level 11. HP: 50/95 MP: 10/10
  9164 | D:10     | Gained mutation: Your muscles are strong. (Str +2) [potion of beneficial mutation]
  9165 | D:10     | Gained mutation: Your spells are a little harder to cast, but a little more powerful. [potion of beneficial mutation]
  9258 | D:10     | Noticed Erica
  9265 | D:10     | Killed Erica
  9265 | D:10     | Reached skill level 1 in Dodging
  9612 | D:7      | Killed a purple ugly thing
  9714 | Temple   | Entered the Ecumenical Temple
  9972 | Temple   | Became a worshipper of Warmaster Okawaru
 10673 | D:11     | Noticed Urug
 10694 | D:11     | Killed Urug
 10694 | D:11     | Reached * piety under Okawaru
 10916 | D:11     | Found a blossoming altar of Fedhas.
 11278 | D:11     | HP: 3/97 [electric eel/bolt of electricity (9)]
 11577 | D:11     | Killed an unseen horror
 11577 | D:11     | Reached ** piety under Okawaru
 11577 | D:11     | Reached skill level 17 in Axes
 11577 | D:11     | Reached skill level 5 in Shields
 12319 | D:11     | Noticed a red ugly thing
 12329 | D:11     | Killed a red ugly thing
 12329 | D:11     | Reached skill level 1 in Stealth
 12642 | D:11     | Reached skill level 10 in Fighting
 12985 | D:11     | Noticed a four-headed hydra
 13155 | D:11     | Noticed a purple ugly thing
 13185 | D:12     | Noticed a hill giant
 13203 | D:12     | HP: 1/99 [troll (4)]
 13206 | D:12     | Slain by a troll

Skill      XL: |  1  2  3  4  5  6  7  8  9 10 11 |
---------------+----------------------------------+-----
Fighting       | 4 5 6 7 8 10 | 10.1
Axes           | 3 4 5 6 7 9 11 13 16 17 | 17.1
Armour         | 4 5 6 7 8 9 |  9.3
Dodging        | 4 |  4.3
Shields        | 5 |  5.5
Stealth        | 1 |  1.4

Action                   |  1- 3 |  4- 6 |  7- 9 | 10-12 || total
-------------------------+-------+-------+-------+-------++-------
Melee: War axe           |    87 |   119 |   294 |   466 ||   966
       Headbutt          |    14 |    28 |    52 |   113 ||   207
  Use: Scroll            |     4 |       |    17 |    10 ||    31
       Potion            |       |     1 |       |     5 ||     6
  Eat: Beef jerky        |       |     1 |       |     2 ||     3
       Chunk             |       |     3 |     6 |     9 ||    18
       Fruit             |       |     3 |     8 |       ||    11
       Meat ration       |       |       |       |     2 ||     2
Armor: Scale mail        |    47 |    50 |    51 |       ||   148
       Steam dragon scal |       |       |    12 |    77 ||    89
Dodge: Dodged            |    20 |    35 |   127 |   149 ||   331
Block: Shield            |    49 |    61 |   125 |   155 ||   390
